 Dungeon Crawl Stone Soup version 0.31-a0-232-gb1c03b2570 (webtiles) character file.

Game seed: 10587362194660051352

47 qw the Shooter (level 3, 0/21 HPs)
             Began as a Gargoyle Hexslinger on July 6, 2023.
             Slain by Terence
             ... wielding a +0 trident of freezing
              (2 damage)
             ... on level 2 of the Dungeon.
             The game lasted 00:00:24 (1273 turns).

qw the Shooter (Gargoyle Hexslinger)                Turns: 1273, Time: 00:00:24

Health: 0/21       AC:  6    Str: 11    XL:     3   Next: 70%
Magic:  4/4        EV: 11    Int: 13    God:
Gold:   108        SH:  0    Dex: 14    Spells: 3/4 levels left

rFire   . . .        Y - +1 sling
rCold   . . .        (no shield)
rNeg    + . .        d - +0 leather armour
rPois   inf          (no helmet)
rElec   +            (no cloak)
rCorr   .            (no gloves)
SInv    .            (no boots)
Will    .....        (no amulet)
Stlth   +            (no ring)
HPRegen 0.23/turn    (no ring)
MPRegen 0.09/turn

%: no passive effects
@: no status effects
A: sickness immunity, AC +3, negative energy resistance 1, electricity
resistance, torment resistance 1, petrification resistance
a: no special abilities


You were on level 2 of the Dungeon.
You visited 1 branch of the dungeon, and saw 2 of its levels.

You collected 108 gold pieces.


Innate Abilities, Weirdness & Mutations

You are immune to sickness and miasma.
Your stone body is resilient. (AC +3)
You are immune to poison.
You resist negative energy. (rN+)
You are resistant to electric shocks. (rElec)
You are resistant to unholy torment.
You are immune to petrification.


   Skills:
 - Level 2.1 Fighting
 + Level 3.5 Ranged Weapons
 - Level 1.5 Dodging
 - Level 1.0 Spellcasting
 - Level 2.6 Hexes


You had 3 spell levels left.
You knew the following spells:

 Your Spells              Type           Power      Damage    Failure   Level
a - Slow                  Hex            28%        N/A       12%         1

Your spell library contained the following spells:

 Spells                   Type           Power      Damage    Failure   Level
 Inner Flame              Hex/Fire       4%         N/A       54%         3
 Portal Projectile        Hex/Tloc       8%         N/A       54%         3
 Cause Fear               Hex            3%         N/A       77%         4

Inventory:

Hand Weapons
 Y - a +1 sling (weapon)
Armour
 d - a +0 leather armour (worn)
 e - a +2 hat
Scrolls
 a - a scroll of revelation {unknown}
 g - a scroll of teleportation {unknown}
Potions
 b - a potion of curing {unknown}
 c - a potion of lignification {unknown}
 f - a potion of attraction {unknown}
 h - a potion of brilliance {unknown}
 j - a potion of invisibility {unknown}

Dungeon Overview and Level Annotations

Branches:
Dungeon (2/15)

Altars:

Shops:
D:1 [

Annotations:
D:2 Terence


Message History

The sling bullet hits Terence but does no damage.
You shoot a sling bullet. The sling bullet barely misses Terence.
You shoot a sling bullet. The sling bullet hits Terence.
Terence is moderately wounded.
Terence misses you.
You shoot a sling bullet.
The sling bullet closely misses Terence.
Terence hits you but does no damage.
You shoot a sling bullet.
The sling bullet closely misses Terence.
Terence hits you but does no damage.
You shoot a sling bullet. The sling bullet barely misses Terence.
Terence hits you from afar with a +0 trident of freezing.
Terence freezes you.
You shoot a sling bullet. The sling bullet hits Terence.
Terence is heavily wounded.
Terence hits you from afar with a +0 trident of freezing.
Terence freezes you. Terence misses you.
You shoot a sling bullet.
The sling bullet closely misses Terence.
Terence hits you from afar with a +0 trident of freezing.
Terence freezes you.
You shoot a sling bullet. The sling bullet barely misses Terence.
Terence barely misses you.
You shoot a sling bullet. The sling bullet barely misses Terence.
Terence hits you from afar with a +0 trident of freezing.
Terence freezes you.
You shoot a sling bullet.
The sling bullet hits Terence but does no damage.
Terence is heavily wounded.
Terence hits you from afar with a +0 trident of freezing.
Terence freezes you. Terence looks scornfully at you.
Terence barely misses you.
Enter note:
1273 ||| UPGRADING to +2 hat.
Terence hits you from afar with a +0 trident of freezing!
Keep equipping yourself?
Terence freezes you.
You die...

######### #.......#
###.......##########
#...................
#####.........#######.##
.....@..................
#.@.........####.#.
#.####......# #.#. #.
#......# #.#. #.
#......# #.#. ..
#......# #.#. ##
#......# #.#. ########
#.#. # #. #(#.


You could see Terence.

Vanquished Creatures
  3 adders (D:2)
  A dart slug (D:1)
  An orc (D:1)
  An endoplasm (D:1)
  3 giant cockroaches
  A hobgoblin (D:1)
  2 kobolds (D:1)
  A quokka (D:1)
  2 ball pythons (D:1)
  2 bats
  A frilled lizard (D:1)
18 creatures vanquished.

Notes
Turn   | Place    | Note
-------+----------+-------------------------------------------
     0 | D:1      | qw the Gargoyle Hexslinger began the quest for the Orb.
     0 | D:1      | Reached XP level 1. HP: 12/12 MP: 2/2
     0 | D:1      | 0 ||| qw: Version: 0.3-a-46-gb1f654a
     0 | D:1      | 0 ||| qw: Game counter: 2050
     0 | D:1      | 0 ||| qw: Melee chars always use a shield: true
     0 | D:1      | 0 ||| qw: God list: Okawaru
     0 | D:1      | 0 ||| qw: Allow faded altars: false
     0 | D:1      | 0 ||| qw: Do Orc after clearing Dungeon:15 true
     0 | D:1      | 0 ||| qw: Do second Lair branch before Depths: true
     0 | D:1      | 0 ||| qw: Lair rune preference: random
     0 | D:1      | 0 ||| qw: Goals: Normal
     0 | D:1      | 0 ||| PLANNING D:1-11
   139 | D:1      | Reached XP level 2. HP: 16/16 MP: 3/3
   155 | D:1      | Found Naotate's Antique Armour Shoppe.
   162 | D:1      | 162 ||| SHOPLISTING dyed leather armour (105 gold, have
                  | 13).
   162 | D:1      | 162 ||| SHOPLISTING pair of boots (94 gold, have 13).
   380 | D:1      | Reached skill level 3 in Ranged Weapons
   882 | D:1      | 882 ||| UPGRADING to +0 leather armour.
   892 | D:1      | 892 ||| DROPPING +0 robe.
   893 | D:1      | 893 ||| DROPPING ring of flight.
   894 | D:1      | 894 ||| READING scroll labelled WUEFIA BEMUC.
   895 | D:1      | 895 ||| READING scroll labelled SAREBO PEIM.
   896 | D:1      | 896 ||| READING scroll labelled CULUMU MAPPA.
   897 | D:1      | 897 ||| DROPPING scroll of poison.
   932 | D:2      | 932 ||| STAIRDANCE
  1000 | D:2      | HP: 3/16 [adder (4)]
  1004 | D:2      | HP: 1/16 [adder (3)]
  1007 | D:2      | Reached XP level 3. HP: 2/21 MP: 4/4
  1260 | D:2      | Noticed Terence
  1273 | D:2      | 1273 ||| UPGRADING to +2 hat.
  1273 | D:2      | HP: 2/21 [Terence/+0 trident of freezing (7)]
  1273 | D:2      | Slain by Terence

Levels and vault maps discovered:
D:1:      dpeg_arrival_prison, layout_loops_corners, serial_shops, shop,
          minmay_tetromino_t2
D:2:      layout_basic, uniq_terence, uniq_crazy_yiuf_cottage

Skill      XL: |  1  2 |
---------------+-------+-----
Ranged Weapons | 3 |  3.5
Fighting       | 2 |  2.1
Dodging        | |  1.5
Spellcasting   | |  1.0
Hexes          | |  2.6

Action                     || total
---------------------------++-------
   Fire: Sling             ||    94
    Use: Scroll            ||     3
 Armour: Leather armour    ||    22
         Robe              ||     1
  Dodge: Dodged            ||    38

Table legend:
 A = Non-vault XP
 B = Vault XP
 C = Vault XP percentage of total XP
 D = Non-vault monster count
 E = Vault monster count
 F = Vault count percentage of total count
                 A         B        C        D         E       F
            +---------+---------+-------+---------+---------+-------
      Total |      64 |       4 |   5.9 |      16 |       2 |  11.1
            +---------+---------+-------+---------+---------+-------
        D:1 |      20 |       4 |  16.7 |      11 |       2 |  15.4
        D:2 |      44 |       0 |   0.0 |       5 |       0 |   0.0
            +---------+---------+-------+---------+---------+-------
